Arrhythmia, chaotic female vampiric Convict --. ..... -.[... |.(.... --..)... ---%@u. -.... -...- ... Arrhythmia the Jail-bird Experience level: 7 Strength: 13 Dexterity: 12 Constitution: 16 Intelligence: 17 Wisdom: 11 Charisma: 8 Health: 0(50) Energy: 39(39) AC: 4 Gold: 770 Moves: 2842 Your Inventory: Coins $ - 770 gold pieces Weapons j - an [uncursed +0 thirsty] runed dagger [elven] Armor b - a cursed +0 striped shirt s - an [uncursed] +1 hard hat [dwarvish iron helm] (being worn) t - an [uncursed] +0 hooded cloak [dwarvish] (being worn) x - an [uncursed] +1 pair of hard shoes [iron] (being worn) N - an [uncursed] +0 Hawaiian shirt (being worn) Comestibles g - an [uncursed] Hot Futa Mare Dick n - an [uncursed] tin [of jackal meat] Scrolls d - an [uncursed] scroll labeled AQUE BRAGH [of identify] f - an [uncursed] scroll labeled JUYED AWK YACC [of confuse monster] k - an [uncursed] scroll labeled FOOBIE BLETCH [of fire] l - a [blessed] scroll labeled JUYED AWK YACC [of confuse monster] E - an [uncursed] scroll labeled XIXAXA XOXAXA XUXAXA [of charging] P - a [blessed] scroll labeled HZLRC KSTSBD MPFNG [of flood] Spellbooks i - an [uncursed] spellbook of extra healing Rings e - an [uncursed] ring called Warning [of warning] Wands q - an [uncursed] runed wand [of striking (0:6)] r - an [uncursed] wand of create monster [0:1] M - an [uncursed] cedar wand [of undead turning (0:5)] Tools p - an [uncursed] partly used [wax] candle (lit) v - an [uncursed] skeleton key L - 3 [uncursed tallow] candles Q - an [uncursed wax] candle Gems h - an [uncursed] orange gem [agate] y - an [uncursed] orange gem [worthless glass] z - 2 [uncursed] red gems [worthless glass] A - an [uncursed] white gem [worthless glass] D - an [uncursed] green gem [worthless glass] F - an [uncursed] yellowish brown gem [topaz] G - 2 [uncursed] black gems [worthless glass] H - an [uncursed] yellow gem [worthless glass] J - an [uncursed] blue gem [worthless glass] K - an [uncursed] violet gem [worthless glass] Spells known in the end: Name Level Category Fail Memory a - extra healing 3 healing 100% [||||||||] Your skills at the end: Fighting Skills Weapon Skills sling [Basic / Skilled] Spellcasting Skills Final Attributes: You were piously aligned. Hunger level was 259. Your alignment was 24 / 24. Monster difficulty range was 0 - 6. Level difficulty was 5. You were immune to poison. You were immune to level-drain. You were immune to sickness. You could fly. You could survive without air. You regenerated. Your luck was zero. You are dead. Vanquished creatures: a wood nymph a rock mole a fog cloud 2 shriekers 5 gnome lords a black naga hatchling 2 giant ants a kitten 5 dwarves 8 rothes a rabid rat a centipede a monkey an orc zombie an iguana 2 acid blobs 4 hobbits 2 manes a giant rat 2 yellow molds a green mold 23 gnomes 2 garter snakes 2 geckos 5 jackals a kobold a goblin 5 sewer rats 8 grid bugs a bat a kobold zombie 3 newts 96 creatures vanquished. Voluntary challenges: You went without food. You never hit with a wielded weapon. You read items or engraved 235 times. You put on armor 13 times. You never genocided any monsters. You never polymorphed an object. You never changed form. You used no wishes. You wrote Elbereth's name 149 times. You never encountered a bones level. You never used any Sokoban shortcuts. Dungeon overview: The Dungeons of Doom: levels 1 to 2 Level 1 a long staircase Level 2 stairs to The Gnomish Mines The Gnomish Mines: levels 3 to 5 Level 3 stairs to The Dungeons of Doom Level 5 <- You were here History has recorded: On T:1 you entered the Dungeons of Doom to retrieve the Amulet of Yendor! On T:617 you reached level 2 of The Dungeons of Doom. On T:711 you advanced to experience level 2. On T:918 you advanced to experience level 3. On T:1086 you reached level 1 of The Gnomish Mines. On T:1096 you advanced to experience level 4. On T:1114 you advanced to experience level 5. On T:1274 you advanced to experience level 6. On T:1912 you reached level 2 of The Gnomish Mines. On T:1914 you advanced to experience level 7. On T:2761 you reached level 3 of The Gnomish Mines. Latest messages: oYu read: "ElbeYetnE|bc?cthElbcre?nElb? ethElbere??Elbere?hE2berc??E||erethE|bc?etrE |?rcthElberethE|beretnLlbeVeth". You see here a crossbow bolt. The gray unicorn turns to flee! Q - a canlde. The gary unicorn butts! The gray unrcoin kicks! The gray uoicnrn butts! hTe gray unicorn kicks! [HP-23=27] You hit the gray unicorn. You bite the gray unicorn. The gray unicorn just misses! The gray unicorn misses. The gray unicorn butts! The gray unicorn just misses! You miss the gray unicorn. You bite the gray unicorn. You feed on the lifeblood. The gray unicorn suddenly seems weaker! hTe gray unicorn butts! The gray unicorn kicks! The gray unicorn butts! The gray unicorn kicks! You die... Final status: Goodbye Arrhythmia the Convict... You died in The Gnomish Mines on dungeon level 5 with 3277 points, and 770 pieces of gold, after 2842 moves. You were level 7 with a maximum of 50 hit points when you died.